Map: Snowbound Colony

Players

Subwaymaker - Winner!

  • Race: Protoss Protoss
  • League: Silver
  • Spawn Location: 1:00

Mesrob - Winner!

  • Race: Terran Terran
  • Spawn Location: 1:00

subwayengine - Winner!

  • Race: Terran Terran
  • Spawn Location: 12:00

FeFiFoFum

  • Race: Terran Terran
  • Spawn Location: 6:00

Nosli

  • Race: Terran Terran
  • League: Silver
  • Spawn Location: 7:00

voidleecher

  • Race: Zerg Zerg
  • League: Gold
  • Spawn Location: 7:00

VOD

Have the link to the VOD?

Description

Time

  • Played on: Jan. 9, 2019, 3:21 p.m.
  • Length: 12:13
Show
View Real Time Build Order
Export as new Build Order

Subwaymaker Protoss - Winner!

Build Orders: Colossus Rush 

Get SALT Encoding   

  1  0:00  Probe  
  13  0:07  Probe  
  14  0:29  Pylon, Probe  
  14  0:31  Assimilator  
  15  0:51  Probe, Gateway  
  16  1:00  Probe  
  17  1:08  Probe  
  17  1:18  Probe  
  19  1:29  Pylon  
  19  1:30  Probe  
  20  1:40  Cybernetics Core  
  20  1:42  Probe  
  20  1:45  Assimilator, Zealot  
  23  1:54  Probe  
  24  2:06  Probe  
  25  2:18  Probe  
  26  2:34  Robotics Facility  
  26  2:36  Warp Gate  
  26  2:39  Shield Battery  
  26  2:41  Stalker  
  28  2:44  Pylon  
  28  3:08  Nexus  
  28  3:10  Probe  
  28  3:11  Pylon, Stalker  
  30  3:19  Probe  
  32  3:31  Robotics Bay  
  32  3:41  Stalker  
  32  3:45  Observer  
  35  3:58  Gateway  
  35  3:59  Probe  
  36  4:08  Pylon  
  36  4:11  Probe  
  37  4:20  Forge  
  37  4:23  Probe, Colossus  
  38  4:35  Probe  
  45  4:45  Probe  
  45  4:48  Probe, Gateway  
  47  4:53  Protoss Ground Armor Level 1  
  47  5:00  Probe  
  48  5:16  Photon Cannon  
  48  5:17  Probe  
  48  5:21  Probe  
  50  5:25  Probe  
  50  5:26  Assimilator  
  50  5:30  Assimilator  
  50  5:33  Probe, Photon Cannon  
  50  5:35  Probe  
  52  5:41  Photon Cannon  
  53  5:45  Pylon, Probe  
  53  5:49  Stalker  
  56  5:51  Stalker  
  56  5:54  Colossus  
  64  6:18  Pylon  
  64  6:22  Twilight Council  
  64  6:25  Probe x2  
  66  6:37  Probe x2  
  66  6:39  Stalker x3  
  74  6:49  Probe x2, Charge  
  74  6:51  Protoss Ground Weapons Level 1  
  76  6:56  Gateway  
  76  6:58  Gateway  
  76  7:08  Colossus  
  82  7:22  Shield Battery  
  82  7:26  Photon Cannon  
  82  7:40  Gateway  
  82  7:44  Gateway  
  82  7:45  Gateway  
  82  7:50  Stalker x2  
  86  8:22  Pylon  
  86  8:25  Pylon  
  86  8:28  Pylon  
  86  8:35  Pylon  
  86  8:41  Pylon  
  86  8:42  Blink  
  86  8:44  Pylon  
  86  8:49  Extended Thermal Lance  
  86  9:08  Forge  
  86  9:11  Gateway x2  
  86  9:15  Gateway  
  86  9:19  Templar Archives  
  86  9:23  Stalker  
  86  9:24  Zealot x4  
  90  9:25  Zealot x2  
  90  9:26  Zealot  
  90  9:29  Colossus  
  108  9:39  Pylon  
  108  9:41  Pylon  
  108  9:43  Pylon  
  108  9:50  Zealot x3  
  108  9:51  Zealot x2  
  118  9:53  Sentry  
  118  9:54  Sentry  
  118  9:56  Protoss Shields Level 1  
  122  10:05  High Templar x2  
  122  10:06  High Templar  
  128  10:16  Psionic Storm  
  128  10:20  Archon  
  108  10:49  Zealot x3  
  112  10:50  Zealot x3  
  112  10:51  Zealot x3  
  124  11:17  Zealot x2  
  124  11:18  Zealot x3  
  132  11:19  High Templar x2  
  132  11:20  High Templar x2  
  132  11:21  High Templar  
  120  11:43  Zealot x3  
  120  11:44  Zealot x2  
  120  11:45  Zealot  
  126  12:09  High Templar x3  
  126  12:10  High Templar x2  
Show
View Real Time Build Order
Export as new Build Order

Mesrob Terran - Winner!

Build Orders: Liberator Opening 

Get SALT Encoding   

  12  0:01  SCV  
  13  0:13  SCV  
  14  0:18  Supply Depot  
  14  0:25  SCV  
  15  0:40  SCV  
  15  0:41  Barracks  
  16  0:53  Refinery  
  16  1:00  Refinery  
  16  1:08  SCV  
  17  1:20  SCV  
  18  1:34  Orbital Command  
  18  1:37  Marine  
  19  1:46  Factory  
  19  1:55  Marine  
  19  2:00  SCV  
  21  2:09  Supply Depot  
  21  2:12  SCV  
  22  2:24  SCV  
  23  2:32  Barracks Reactor  
  23  2:39  Starport  
  23  2:40  Factory Tech Lab  
  23  2:43  SCV  
  24  2:52  Command Center  
  24  2:56  SCV  
  25  3:10  Siege Tank  
  28  3:21  Barracks Reactor  
  28  3:23  SCV  
  29  3:32  Refinery  
  29  3:35  SCV  
  30  3:46  Supply Depot, Liberator  
  30  3:48  SCV  
  31  3:53  Liberator  
  31  4:03  Marine x2  
  31  4:04  SCV  
  31  4:09  Supply Depot  
  37  4:16  SCV  
  37  4:17  Refinery, Orbital Command  
  41  4:28  SCV  
  42  4:40  SCV  
  42  4:44  Siege Tank  
  46  4:49  SCV  
  46  4:52  SCV  
  48  4:53  Liberator  
  47  5:01  SCV  
  47  5:04  SCV  
  49  5:12  Marine  
  49  5:13  SCV  
  54  5:15  Supply Depot  
  54  5:16  SCV  
  55  5:25  SCV  
  56  5:28  SCV  
  57  5:36  Siege Tank  
  57  5:37  Marine x2  
  62  5:45  Barracks  
  62  5:54  Liberator x2  
  56  6:13  Marine, Siege Tank  
  56  6:14  Marine  
  56  6:16  SCV  
  56  6:17  SCV  
  69  6:28  SCV  
  69  6:30  Command Center  
  70  6:45  Supply Depot  
  70  6:50  Liberator  
  70  6:51  Supply Depot  
  70  6:54  Barracks Reactor  
  70  6:55  Liberator  
  70  6:58  Barracks  
  70  7:07  Marine x2, SCV x2  
  70  7:08  Supply Depot  
  77  7:13  Supply Depot, Siege Tank  
  83  7:19  SCV x2  
  85  7:24  Marine  
  85  7:29  Marine  
  87  7:30  Supply Depot  
  87  7:31  SCV x2  
  87  7:35  Supply Depot  
  89  7:42  Marine  
  89  7:43  SCV  
  91  7:47  Marine  
  91  7:50  Viking  
  94  7:55  Viking, SCV  
  97  7:58  Supply Depot  
  97  8:00  Marine  
  97  8:05  Marine  
  93  8:45  SCV x2  
  93  8:52  Refinery  
  93  8:57  Orbital Command, SCV x2  
  93  9:02  Engineering Bay  
  94  9:09  SCV  
  95  9:17  Refinery  
  95  9:25  Marine x4, Barracks Tech Lab  
  95  9:28  Siege Tank  
  95  9:30  Viking  
  95  9:31  Viking  
  106  9:35  Supply Depot  
  106  9:39  Supply Depot  
  106  9:42  Terran Infantry Weapons Level 1  
  106  9:43  Marine x4  
  110  9:48  Armory  
  110  9:57  Supply Depot  
  110  10:00  Viking, Siege Tank  
  110  10:01  Marine x4, Viking, Supply Depot  
  121  10:18  Marine  
  121  10:19  Marine x3  
  121  10:20  Supply Depot  
  125  10:24  Supply Depot  
  125  10:30  Viking  
  125  10:31  Viking  
  125  10:32  Siege Tank  
  99  11:00  Viking  
  99  11:01  Viking  
  103  11:05  Siege Tank  
  106  11:37  Marine, Siege Tank  
  106  11:38  Marine x4  
Show
View Real Time Build Order
Export as new Build Order

subwayengine Terran - Winner!

Build Orders:  

Get SALT Encoding   

  12  0:12  Supply Depot  
  12  0:15  SCV  
  13  0:24  Refinery  
  13  1:01  Barracks  
  13  1:07  SCV  
  14  1:19  Supply Depot, SCV  
  15  1:31  SCV  
  16  1:43  Refinery  
  16  1:55  Factory  
  16  1:58  Orbital Command  
  16  2:29  SCV  
  17  2:41  SCV  
  17  2:42  Starport  
  18  2:53  SCV  
  19  3:06  SCV  
  20  3:13  Command Center  
  20  3:18  SCV  
  21  3:24  Supply Depot  
  21  3:25  Starport Tech Lab  
  21  3:30  SCV  
  22  3:35  Fusion Core  
  22  3:39  Factory Tech Lab  
  22  3:42  SCV  
  23  3:54  SCV  
  24  4:06  SCV  
  25  4:18  SCV  
  25  4:22  Battlecruiser  
  32  4:30  Starport, SCV  
  33  4:37  Refinery  
  33  4:42  SCV  
  33  4:43  SCV  
  35  4:55  SCV  
  35  4:57  SCV  
  37  5:04  Refinery  
  37  5:07  SCV  
  37  5:09  SCV  
  39  5:19  SCV  
  39  5:21  Starport, Starport Tech Lab, SCV  
  41  5:32  SCV  
  42  5:38  SCV  
  43  5:44  SCV  
  43  5:48  Battlecruiser  
  50  5:50  SCV  
  50  5:56  SCV  
  52  6:01  Starport Tech Lab  
  52  6:02  SCV  
  53  6:08  SCV  
  54  6:17  Supply Depot  
  54  6:26  Orbital Command  
  54  6:38  SCV  
  55  6:41  Supply Depot  
  55  6:51  SCV  
  55  6:52  Battlecruiser  
  62  7:03  SCV, Battlecruiser  
  62  7:04  Supply Depot  
  69  7:17  SCV  
  70  7:29  Supply Depot, SCV  
  71  7:36  Supply Depot  
  71  7:41  SCV  
  71  7:42  Battlecruiser  
  72  7:54  SCV  
  63  7:59  Supply Depot  
  61  8:06  SCV  
  62  8:21  SCV  
  62  8:22  Supply Depot  
  63  8:32  Battlecruiser  
  63  8:33  SCV  
  70  8:37  SCV  
  71  8:43  Weapon Refit  
  71  8:44  Supply Depot  
  71  8:45  SCV  
  72  8:49  SCV  
  73  8:57  SCV  
  73  9:02  SCV  
  75  9:09  SCV  
  76  9:10  Supply Depot  
  76  9:14  SCV  
  77  9:21  SCV  
  78  9:26  SCV  
  79  9:33  SCV  
  79  9:34  Supply Depot  
  79  9:38  SCV  
  81  9:42  Battlecruiser  
  88  9:45  SCV  
  88  9:50  SCV  
  89  9:57  Supply Depot, SCV  
  90  10:10  Command Center  
  90  10:13  Marine  
  91  10:20  Siege Tank  
  94  10:21  Supply Depot  
  94  10:26  Supply Depot  
  93  10:31  Marine  
  94  10:49  Marine  
  95  10:52  Siege Tank  
  97  11:07  Marine  
  98  11:24  Siege Tank  
  98  11:25  Marine  
Show
View Real Time Build Order
Export as new Build Order

FeFiFoFum Terran 

Build Orders:  

Get SALT Encoding   

  12  0:01  SCV  
  13  0:17  Supply Depot  
  13  0:23  SCV  
  14  0:35  SCV  
  15  0:41  Barracks  
  15  0:47  SCV  
  16  0:52  Refinery  
  16  1:01  SCV  
  17  1:13  SCV  
  17  1:15  Engineering Bay  
  18  1:25  SCV  
  19  1:36  Marine  
  19  1:38  SCV  
  21  1:48  Refinery  
  21  1:51  SCV  
  21  1:53  Marine  
  23  2:01  Terran Infantry Weapons Level 1  
  23  2:14  Supply Depot  
  23  2:35  SCV  
  24  2:38  Barracks Tech Lab  
  24  2:40  Command Center  
  24  2:46  Barracks  
  24  3:12  Marine  
  25  3:16  Orbital Command  
  25  3:20  Stimpack  
  25  3:29  Marine  
  26  3:46  SCV  
  26  3:47  Marine  
  28  3:51  Factory  
  28  3:55  Terran Infantry Armor Level 1  
  28  3:58  SCV  
  29  4:03  Barracks Reactor  
  29  4:05  Marine  
  29  4:06  SCV  
  31  4:10  SCV  
  32  4:18  SCV  
  32  4:22  SCV  
  32  4:23  Supply Depot  
  32  4:24  Marine  
  34  4:30  SCV  
  36  4:34  SCV  
  37  4:42  Starport, SCV  
  38  4:46  Supply Depot, SCV  
  38  4:52  Refinery  
  39  5:00  Marine x3  
  39  5:05  Factory Tech Lab  
  42  5:11  Supply Depot  
  42  5:18  Marine x3  
  45  5:22  SCV  
  45  5:23  SCV  
  47  5:34  SCV  
  47  5:35  SCV  
  48  5:36  Marine x2  
  48  5:40  Barracks  
  38  5:47  SCV x2  
  35  5:59  SCV  
  35  6:01  SCV  
  37  6:11  SCV  
  38  6:13  SCV  
  38  6:16  Missile Turret  
  39  6:22  Starport Reactor  
  39  6:23  SCV  
  39  6:25  SCV  
  41  6:35  SCV  
  41  6:37  SCV  
  43  6:47  SCV  
  43  6:49  SCV  
  45  6:55  Missile Turret  
  45  6:59  SCV  
  46  7:01  SCV  
  46  7:03  Marine x2  
  46  7:04  Marine x2  
  51  7:10  Medivac  
  51  7:11  SCV  
  51  7:13  SCV  
  51  7:14  Combat Shield  
  55  7:16  Missile Turret  
  55  7:23  SCV  
  55  7:25  SCV  
  57  7:31  Barracks Reactor  
  57  7:35  SCV  
  56  7:37  Missile Turret, SCV  
  57  7:48  SCV  
  57  7:50  SCV  
  59  8:00  SCV  
  59  8:01  Missile Turret  
  59  8:02  SCV  
  61  8:12  SCV  
  61  8:14  SCV  
  61  8:24  SCV  
  61  8:26  SCV  
  60  8:36  SCV  
  60  8:38  SCV  
  59  9:05  Marine x4  
  59  9:06  Marine  
  64  9:16  Missile Turret  
  64  9:23  Marine x5  
  69  9:38  Missile Turret  
  69  9:41  Marine  
  70  9:52  Supply Depot  
  70  9:58  Missile Turret  
  70  10:03  Starport  
  70  10:08  Command Center  
  70  10:13  Marine  
  71  10:14  Viking  
  71  10:15  Viking, Supply Depot  
  71  10:20  Missile Turret  
  75  10:38  Supply Depot  
  75  10:40  Starport  
  75  10:42  Missile Turret  
  75  10:44  Viking  
  75  10:45  Viking  
  75  10:47  Starport Reactor  
  79  10:52  Refinery  
  79  10:55  SCV  
  79  10:56  SCV  
  81  11:07  SCV  
  81  11:08  SCV  
  83  11:12  Missile Turret  
  83  11:14  Viking x2  
  32  11:32  Missile Turret  
  30  11:40  SCV  
  30  11:44  Marine  
  30  11:45  Marine x2  
  33  11:52  SCV  
  33  11:54  Missile Turret  
Show
View Real Time Build Order
Export as new Build Order

Nosli Terran 

Build Orders:  

Get SALT Encoding   

  12  0:22  Supply Depot, SCV  
  13  0:34  SCV  
  14  0:46  SCV  
  15  0:57  Barracks  
  15  1:00  Barracks  
  15  1:01  Refinery  
  15  1:09  SCV  
  16  1:21  SCV  
  17  1:33  SCV  
  18  1:45  Supply Depot  
  18  1:46  Marine  
  19  1:49  Marine  
  20  2:02  Orbital Command  
  20  2:04  Marine  
  20  2:07  Marine  
  22  2:22  Marine  
  23  2:25  Marine  
  24  2:32  SCV  
  24  2:36  Refinery  
  25  2:43  Barracks Tech Lab  
  25  2:44  SCV  
  25  2:45  Barracks Reactor  
  26  2:56  SCV  
  27  3:08  SCV  
  28  3:19  Supply Depot  
  28  3:22  Marauder  
  28  3:24  Marine  
  31  3:39  Marine  
  32  3:42  Marine  
  32  3:43  Stimpack  
  32  3:44  Marauder  
  35  3:56  Factory  
  35  3:57  Marine  
  35  3:59  Marine  
  37  4:14  Marine  
  38  4:17  Marine  
  39  4:30  Supply Depot  
  39  4:46  Starport  
  39  4:52  Engineering Bay  
  39  5:05  Factory Tech Lab  
  39  5:25  Engineering Bay  
  39  5:27  Missile Turret  
  39  5:29  Missile Turret  
  39  5:35  Missile Turret  
  39  5:38  Missile Turret  
  39  6:09  Medivac  
  41  6:13  Terran Infantry Weapons Level 1  
  41  6:14  Terran Infantry Armor Level 1  
  41  6:20  Supply Depot  
  41  6:39  Medivac  
  43  7:20  SCV  
  44  7:32  SCV  
  44  7:33  Marine  
  44  7:34  Marine  
  44  7:36  Marauder  
  49  7:44  SCV  
  49  7:50  Marine  
  51  7:52  Marine  
  51  7:58  Marauder  
  54  8:08  Marine  
  54  8:09  Marine  
  54  8:11  Armory  
  54  8:12  Siege Tank  
  59  8:14  Medivac  
  59  8:19  Marauder  
  63  8:35  Marine x2  
  63  8:41  Marauder  
  67  8:42  Supply Depot  
  67  8:44  Siege Tank  
  70  9:01  Starport Tech Lab  
  70  9:03  Marine x2  
  70  9:04  Marauder  
  74  9:10  Supply Depot  
  74  9:12  Terran Infantry Weapons Level 2  
  74  9:13  Terran Infantry Armor Level 2  
  74  9:14  Combat Shield  
  74  9:16  Siege Tank  
  77  9:21  Marine x2  
  79  9:38  Marine  
  79  9:42  Marine  
  81  9:56  Marine  
  81  9:59  Marine  
  83  10:14  Marine  
  83  10:17  Marine  
  85  10:32  Marine  
  85  10:35  Marine  
  25  11:26  Marine  
  25  11:29  Marine x2  
  25  11:31  Medivac  
  30  11:34  Siege Tank  
  33  11:44  Marine  
  33  11:47  Marine x2  
Show
View Real Time Build Order
Export as new Build Order

voidleecher Zerg 

Build Orders: Hatch First 

Get SALT Encoding   

  12  0:06  Drone  
  13  0:21  Overlord  
  13  0:46  Hatchery  
  12  1:01  Spawning Pool  
  11  1:09  Drone x2  
  13  1:21  Extractor  
  12  1:30  Drone x2  
  14  1:41  Drone  
  15  1:56  Queen  
  15  2:00  Queen  
  19  2:14  Drone x2  
  19  2:15  Drone  
  22  2:23  Drone  
  22  2:24  Drone x2  
  25  2:41  Drone  
  25  2:43  Roach Warren  
  25  2:56  Drone x2  
  27  3:07  Spine Crawler  
  27  3:12  Spine Crawler  
  25  3:17  Spore Crawler  
  25  3:20  Drone x3  
  27  3:41  Drone  
  28  3:43  Overlord  
  28  3:44  Hatchery  
  27  4:21  Spore Crawler  
  26  4:26  Spore Crawler  
  25  4:39  Drone x3  
  25  4:42  Overlord x2  
  28  5:00  Metabolic Boost  
  28  5:02  Extractor  
  28  5:04  Roach x4  
  35  5:10  Zergling x6  
  35  5:11  Zergling x8  
  42  5:24  Drone x2  
  42  5:25  Drone x3  
  42  5:27  Evolution Chamber  
  42  5:28  Evolution Chamber  
  45  5:35  Drone, Baneling Nest  
  44  5:36  Drone x2  
  47  5:44  Lair  
  47  5:56  Overlord  
  47  6:06  Zerg Melee Weapons Level 1  
  47  6:07  Zerg Missile Weapons Level 1  
  47  6:14  Drone x3  
  47  6:17  Drone x3  
  47  6:18  Drone x4  
  57  6:27  Overlord x2  
  57  6:37  Pneumatized Carapace  
  57  6:53  Zergling x12  
  63  7:01  Drone x2  
  65  7:02  Hydralisk Den  
  65  7:04  Drone x3  
  65  7:06  Queen  
  69  7:18  Extractor  
  69  7:20  Extractor, Overseer x2  
  67  7:27  Baneling  
  67  7:42  Queen  
  67  7:43  Queen  
  71  7:51  Queen  
  71  7:52  Overlord x2  
  71  7:53  Overlord x2  
  73  8:03  Drone  
  73  8:04  Hatchery  
  73  8:06  Zerg Melee Weapons Level 2  
  73  8:17  Extractor, Queen  
  73  8:18  Queen  
  76  8:20  Extractor  
  76  8:25  Hydralisk x2  
  76  8:26  Hydralisk  
  81  8:33  Spore Crawler  
  80  8:51  Hydralisk x2  
  80  8:54  Queen  
  86  8:59  Drone x2  
  86  9:00  Drone x7  
  95  9:30  Queen  
  97  9:35  Baneling x2  
  97  9:36  Baneling x7  
  97  9:37  Baneling x6  
  97  9:38  Baneling x2  
  96  9:58  Ravager x3  
  99  10:01  Drone x3  
  99  10:02  Drone  
  99  10:04  Overlord x5  
  103  10:12  Overlord x2  
  103  10:24  Spore Crawler  
  103  10:26  Spore Crawler  
  68  10:51  Drone x4  
  68  10:52  Drone  
  68  10:56  Hydralisk x2  
  68  10:57  Hydralisk x6  
  77  10:58  Hydralisk x4  
  97  11:13  Spine Crawler x2  
  95  11:21  Hydralisk x2  
  95  11:23  Spore Crawler  
  83  11:48  Hydralisk  
  83  11:49  Hydralisk  
Tags
 
Add a new tag
Caveats
  • Supply blocks, unpowered buildings, or Contaminate may cause inaccurate times.
  • Supply counts are checked every 10 seconds.